 Dungeon Crawl Stone Soup version 0.32-a0-540-g866d13106e (webtiles) character file.

Game seed: 3955886091122168606

1 Esekla the Sneak (level 1, -1/16 HPs)
             Began as an Octopode Delver on Feb 29, 2024.
             Slain by an adder (4 damage)
             ... on level 4 of the Dungeon.
             The game lasted 00:06:55 (216 turns).

Esekla the Sneak (Octopode Delver)                   Turns: 216, Time: 00:06:56

Health: -1/16      AC:  1    Str: 11    XL:     1   Next: 20%
Magic:  1/1        EV: 13    Int: 12    God:
Gold:   14         SH:  0    Dex: 13    Spells: 0/0 levels left

rFire   . . .        a - +0 falchion
rCold   . . .        (no shield)
rNeg    . . .        (helmet restricted)
rPois   .            (no amulet)
rElec   .            (no ring)
rCorr   .            (no ring)
SInv    .            (no ring)
Will    .....        (no ring)
Stlth   ++++         (no ring)
HPRegen 0.22/turn    (no ring)
MPRegen 0.07/turn    (no ring)
                     (no ring)

%: no passive effects
@: no status effects
A: almost no armour, amphibious, 8 rings, camouflage 1, gelatinous body 1,
(nimble swimmer 1), tentacles
a: Convert to Beogh


You were on level 4 of the Dungeon.
You visited 1 branch of the dungeon, and saw 2 of its levels.

You collected 14 gold pieces.

Inventory:

Hand Weapons
 a - a +0 falchion (weapon)
 e - the +7 rapier of Jaxowus {speed, rN+ Int+3}
   (You found it on level 4 of the Dungeon)

   Int+3:     It affects your intelligence (+3).
   rN+:       It protects you from negative energy.
Wands
 f - a wand of digging (3)
Scrolls
 b - a scroll of fog
 d - a scroll of revelation
Potions
 c - 2 potions of curing {unknown}


   Skills:
 * Level 3.1 Fighting
 + Level 2.0 Long Blades
 * Level 2.0 Dodging
 + Level 6.6 Stealth


You couldn't memorise any spells.
You didn't know any spells.
Your spell library was empty.

Dungeon Overview and Level Annotations

Branches:
Dungeon (5/15)
 Temple: D:4-7

Altars:
Vehumet

Shops:
D:5 :


Innate Abilities, Weirdness & Mutations

You cannot wear most types of armour.
You are amphibious.
You can wear up to eight rings at the same time.
Your skin changes colour to match your surroundings (Stealth+).
Your rubbery body absorbs attacks. (AC +1, EV +1)
((You are camouflaged when in or above water. (Stealth+)))
You have tentacles for arms and can constrict up to eight enemies at once.


Message History

The adder bites you.
An adder comes into view.
The orc wizard shouts!
You see here a +0 buckler.
The adder attacks as it pursues you! The adder misses you.
The adder attacks as it pursues you! The adder bites you. x2
Found a scroll labelled JORROMN QEKYGOE.
The orc wizard closely misses you.
Found a book of Debilitation.
The orc wizard casts a spell.
The orc wizard flickers and vanishes!
Deactivating autopickup; reactivate with Ctrl-A.
The adder attacks as it pursues you! The adder bites you.
* * * LOW HITPOINT WARNING * * *
The adder barely misses you.
Press: ? - help, v - describe, . - travel, g - get item Item here: a book of Debilitation.
The floor.
The adder attacks as it pursues you! The adder bites you but does no damage.
A goblin comes into view. It is wielding a +0 dagger.
The adder attacks as it pursues you! The adder closely misses you.
The adder closely misses you.
Found 7 gold pieces.
Found a stone staircase leading down.
The goblin shouts!
The orc priest shouts, "Beogh offers mercy even to people such as you.
Join us and be reborn!" (press Y on the ability menu to convert to Beogh)
The adder attacks as it pursues you! The adder closely misses you.
Found a polished rapier.
The adder closely misses you. The adder attacks as it pursues you!
The adder bites you.
* * * LOW HITPOINT WARNING * * *
The orc priest looks encouraged for a moment.
The adder attacks as it pursues you! The adder barely misses you.
The adder misses you.
You see here the +7 rapier of Jaxowus {speed, rN+ Int+3}.
e - the +7 rapier of Jaxowus {speed, rN+ Int+3} The adder bites you.
* * * LOW HITPOINT WARNING * * *
The jelly misses you. The adder bites you.
You die...

.. #.. .. # .. #.>.#..
##..........#
#...........# .
.......g....#
#######.#.
..##........#
#.@.......
...K........#
#SJ.....##
............###.o.....#
...#........o.o?:.....#
..##.......{##....$...#
..##..................#
..#######....##.......#
.... .. ##..###.......#
...###.##...###S......#


You could see a jelly, an orc priest, an adder and an orc.

Vanquished Creatures
  A quokka (D:4)
1 creature vanquished.

Notes
Turn   | Place    | Note
-------+----------+-------------------------------------------
     0 | D:5      | Esekla the Octopode Delver began the quest for the Orb.
     0 | D:5      | Reached XP level 1. HP: 16/16 MP: 1/1
     8 | D:5      | Found a radiant altar of Vehumet.
    41 | D:5      | Found Siedo's Book Shop.
    94 | D:4      | Noticed a jelly
    94 | D:4      | Noticed an orc priest
   138 | D:4      | Noticed a phantom
   197 | D:4      | Noticed an orc wizard
   214 | D:4      | Identified the +7 rapier of Jaxowus {speed, rN+ Int+3}
   216 | D:4      | Slain by an adder

Illustrated notes

Levels and vault maps discovered:
D:4:      layout_rooms, mainiacjoe_overflow_concentric_impassable,
          minmay_strange_pillars, amcnicky_mini_corridor_feature
D:5:      layout_cave_pools, mainiacjoe_overflow_surrounded_room,
          serial_gnoll_camp, gnoll_camp_mini_doghouse, gnoll_camp_mini_basic,
          gnoll_camp_mini_basic, gnoll_camp_mini_shop, minmay_misc_feat_square,
          grunt_decor_arrowhead

Action                     || total
---------------------------++-------
  Melee: Falchion          ||     3
         Constrict         ||     1
         Tentacles         ||     1
    Use: Scroll            ||     2
         Potion            ||     1
 Armour: Skin              ||    11
  Dodge: Dodged            ||    16

Table legend: (Time is in decaauts)
 A = Elapsed time spent in this place.
 B = Non-inter-level travel time spent in this place.
 C = Inter-level travel time spent in this place.
 D = Time resting spent in this place.
 E = Time spent auto-exploring this place.
 F = Levels seen in this place.
 G = Mean time per level.
                   A        B        C        D        E       F      G
               +--------+--------+--------+--------+--------+-----+--------+
         Total |    199 |    199 |      0 |      0 |      0 |   2 |   99.5 |
       Dungeon |    199 |    199 |      0 |      0 |      0 |   2 |   99.5 |
               +--------+--------+--------+--------+--------+-----+--------+

Top non-repeatable levels by time:
     D:4: 142 daAuts
     D:5: 57 daAuts
